 Dungeon Crawl Stone Soup version 0.27.0-1-g7a089689b8 (webtiles) character file.

Game seed: 11294206891610733447

951 fiver49 the Carver (level 8, 0/56 HPs)
             Began as a Formicid Warper on Aug 2, 2021.
             Slain by an orc warrior (1 damage)
             ... on level 5 of the Dungeon.
             The game lasted 00:09:42 (8068 turns).

fiver49 the Carver (Formicid Warper)                Turns: 8068, Time: 00:09:42

Health: 0/56       AC:  6    Str: 18    XL:     8   Next: 36%
Magic:  11/11      EV:  5    Int: 13    God:
Gold:   264        SH: 11    Dex: 10    Spells: 11/11 levels left

rFire    . . .     SeeInvis +   y - +0 long sword
rCold    . . .     Faith    .   e - +0 tower shield
rNeg     . . .     Spirit   .   k - +0 scale mail
rPois    .         Reflect  .   (helmet unavailable)
rElec    .         Harm     .   (no cloak)
rCorr    .         Rampage  .   (no gloves)
Will     +....                  (no boots)
Stlth    ..........             (no amulet)
HPRegen  0.18/turn              n - ring of willpower
MPRegen  0.12/turn              (no ring)

@: no status effects
A: permanent stasis, dig shafts and tunnels, antennae 3, four strong arms
a: Dig, Shaft Self


You were on level 5 of the Dungeon.
You visited 1 branch of the dungeon, and saw 6 of its levels.

You collected 264 gold pieces.

Inventory:

Hand Weapons
 a - a +0 falchion
 u - a +0 hand axe
 y - a +0 long sword (weapon)
Missiles
 c - 5 boomerangs of dispersal
 v - 5 boomerangs (quivered)
Armour
 b - a +0 leather armour
 e - a +0 tower shield (worn)
 k - a +0 scale mail (worn)
Jewellery
 n - a ring of willpower (left hand)
Scrolls
 f - a scroll of blinking {unknown}
 g - a scroll of acquirement {unknown}
 i - a scroll of fog {unknown}
 j - 3 scrolls of noise
 l - a scroll of immolation
 o - 2 scrolls of magic mapping
 p - 2 scrolls of enchant armour
 q - a scroll of enchant weapon
 s - a scroll of silence
Potions
 r - 2 potions of brilliance
 t - 4 potions of curing
 w - a potion of lignification
 x - a potion of degeneration {unknown}


   Skills:
 - Level 2.1 Fighting
 + Level 9.3 Long Blades
 - Level 1.0 Throwing
 - Level 1.1 Armour
 - Level 1.7 Dodging
 - Level 2.1 Spellcasting
 - Level 2.6 Translocations


You had 11 spell levels left.
You didn't know any spells.
Your spell library contained the following spells:

 Spells                   Type           Power      Damage    Failure   Level
 Ensorcelled Hibernation  Hex/Ice        2%         N/A       100%        2
 Gell's Gravitas          Tloc           4%         N/A       100%        3
 Lesser Beckoning         Tloc           4%         N/A       100%        3
 Spider Form              Tmut/Pois      0%         N/A       100%        3
 Teleport Other           Tloc           8%         N/A       100%        3
 Manifold Assault         Tloc           8%         N/A       100%        5
 Shadow Creatures         Summ           N/A        N/A       100%        6
 Blink                    Tloc           Unusable   N/A       N/A         2

Dungeon Overview and Level Annotations

Branches:
Dungeon (6/15)
 Temple: D:4-7

Altars:
Fedhas

Annotations:
D:5 Grinder


Innate Abilities, Weirdness & Mutations

You cannot be hasted, slowed, berserked, paralysed or teleported.
You can dig through walls and to a lower floor.
You have a pair of large antennae on your head. (SInv)
Your four strong arms can wield two-handed weapons with a shield.


Message History

You slash the howler monkey!
You kill the howler monkey!
You block the orc's attack.
An orc priest comes into view. It is wielding a +0 flail.
The orc hits you from afar with a +0 trident.
An orc comes into view. It is wielding a +0 flail.
You block the orc's attack.
There is a stone staircase leading up here.
You block the orc's attack.
The orc throws a boomerang.
The boomerang hits you but does no damage.
You climb upwards.
Level annotation: Grinder
There is a stone staircase leading down here.
There is a stone staircase leading down here.
You climb downwards.
A sky beast and an orc warrior come into view.
The orc warrior is wielding a +1 vorpal broad axe.
The orc warrior shouts!
An orc comes into view. It is wielding a +0 club.
There is a stone staircase leading up here.
You throw a boomerang.
The boomerang closely misses the orc warrior.
You block the orc warrior's attack.
There is a stone staircase leading up here.
The orc warrior hits you with a +1 vorpal broad axe!!
You climb upwards.
Level annotation: Grinder
There is a stone staircase leading down here.
You hit the orc warrior.
The orc warrior is moderately wounded.
You block the orc warrior's attack.
You hit the orc warrior but do no damage.
The orc warrior is moderately wounded.
You block the orc warrior's attack.
The orc warrior hits you with a +1 vorpal broad axe!
You closely miss the orc warrior.
The orc warrior is moderately wounded.
The orc warrior hits you with a +1 vorpal broad axe!!
* * * LOW HITPOINT WARNING * * *
You die...

#........###.##.................
#........# #..#.[....##.#######.
#........# ##.#.#######.#....##.
#........# #.#.#.....#.#.##.##†
#........# #....<..#.#.#.#.....
#........# ##..#.#.#...#.######
########## #..#.#.#####.#
##o#.#.......# #@#.......######
#########......### #####.....
#..... #..... #..... ######


You could see an orc warrior.

Vanquished Creatures
  A water moccasin (D:5)
  A necrophage (D:5)
  2 ogres (D:5)
  Blork the orc (D:5)
  A water moccasin skeleton (D:4)
  2 howler monkeys
  A bullfrog zombie (D:3)
  4 hounds
  A jelly (D:5)
  A howler monkey skeleton (D:5)
  A gnoll (D:1)
  7 adders
  A white imp (D:5)
  An ufetubus (D:4)
  2 adder skeletons (D:4)
  A worm (D:2)
  5 dart slugs
  16 orcs
  8 ball pythons
  7 endoplasms
  4 giant cockroaches
  6 goblins
  5 hobgoblins
  4 kobolds
  4 quokkas
  7 bats
  3 frilled lizards
  2 rats
99 creatures vanquished.

Vanquished Creatures (others)
  19 plants
19 creatures vanquished.

Grand Total: 118 creatures vanquished

Notes
Turn   | Place    | Note
-------+----------+-------------------------------------------
     0 | D:1      | fiver49 the Formicid Warper began the quest for the Orb.
     0 | D:1      | Reached XP level 1. HP: 16/16 MP: 3/3
   200 | D:1      | Reached XP level 2. HP: 10/22 MP: 5/5
   581 | D:1      | Reached skill level 3 in Long Blades
   685 | D:1      | Reached XP level 3. HP: 12/27 MP: 6/6
  1253 | D:1      | Found a faded altar of an unknown god.
  1897 | D:2      | Reached skill level 4 in Long Blades
  1897 | D:2      | Reached XP level 4. HP: 5/33 MP: 7/7
  3501 | D:3      | Reached skill level 5 in Long Blades
  3501 | D:3      | Reached XP level 5. HP: 16/38 MP: 8/8
  4702 | D:4      | Noticed an orc warrior
  4962 | D:4      | Reached XP level 6. HP: 17/44 MP: 9/9
  4974 | D:4      | Reached skill level 6 in Long Blades
  5906 | D:4      | Found a blossoming altar of Fedhas.
  5962 | D:5      | Entered Level 5 of the Dungeon
  6023 | D:5      | Noticed an ogre
  6171 | D:5      | Reached skill level 7 in Long Blades
  6171 | D:5      | Reached XP level 7. HP: 40/50 MP: 10/10
  6448 | D:5      | Reached skill level 8 in Long Blades
  6892 | D:5      | Noticed a water moccasin
  6901 | D:5      | Killed a water moccasin
  6902 | D:5      | Reached XP level 8. HP: 39/56 MP: 11/11
  7226 | D:5      | Noticed Blork the orc
  7559 | D:5      | Reached skill level 9 in Long Blades
  7798 | D:5      | Noticed Grinder
  7885 | D:5      | Killed Blork the orc
  8068 | D:5      | HP: 1/56 [orc warrior (22)]
  8068 | D:5      | Slain by an orc warrior

Illustrated notes

Levels and vault maps discovered:
D:1:      dpeg_arrival_court, layout_loops_ring,
          dilly_ecumenical_altar_fadedgnrine, serial_bayou_lake_a
D:2:      layout_loops_ring
D:3:      layout_loops_ring
D:4:      layout_basic, fedhas_altar_1, serial_bayou_ford_a
D:5:      layout_basic, uniq_blork_the_orc, uniq_grinder
D:6:      layout_cave_pools, uniq_pikel

Skill      XL: |  1  2  3  4  5  6  7  8 |
---------------+-------------------------+-----
Long Blades    | 3 4 5 7 8 9 |  9.3
Fighting       | |  2.1
Throwing       | |  1.0
Armour         | |  1.1
Dodging        | |  1.7
Spellcasting   | |  2.1
Translocations | |  2.6

Action                   |  1- 3 |  4- 6 |  7- 9 || total
-------------------------+-------+-------+-------++-------
Melee: Falchion          |    85 |   282 |    91 ||   458
       Long sword        |       |       |    15 ||    15
Throw: Boomerang         |       |       |     8 ||     8
Evoke: Wand              |       |       |     9 ||     9
  Use: Potion            |     1 |       |       ||     1
       Scroll            |       |     5 |     3 ||     8
 Stab: Sleeping          |     1 |       |       ||     1
Armor: Leather armour    |    18 |     4 |       ||    22
       Skin              |    15 |     3 |       ||    18
       Scale mail        |       |   132 |    34 ||   166
Dodge: Dodged            |    24 |    56 |    15 ||    95
Block: Tower shield      |    44 |   203 |    72 ||   319
       Rpst.: Falchion   |    10 |    20 |     3 ||    33
